 Dungeon Crawl Stone Soup version 0.23.1 (webtiles) character file.

Game seed: 8224359188989006642

1782 Irenicus the Geomancer (level 8, -5/62 HPs)
             Began as a Deep Dwarf Earth Elementalist on Mar 8, 2019.
             Was an Initiate of Makhleb.
             Shot with an arrow by a centaur (7 damage)
             ... on level 6 of the Dungeon.
             The game lasted 00:21:03 (3041 turns).

Irenicus the Geomancer (DDEE)                       Turns: 3041, Time: 00:21:03

Health: -5/62      AC:  7    Str: 15    XL:     8   Next: 81%
Magic:  10/11      EV: 12    Int: 18    God:    Makhleb [......]
Gold:   172        SH:  0    Dex: 13    Spells: 8/11 levels left

rFire    . . .     SeeInvis .   p - +2 dagger (holy)
rCold    . . .     Gourm    .   (no shield)
rNeg     . . .     Faith    .   r - +3 leather armour
rPois    .         Spirit   .   (no helmet)
rElec    .         Reflect  .   (no cloak)
rCorr    .         Harm     .   s - +0 pair of gloves
MR       +....                  (no boots)
Stlth    ++........             (no amulet)
HPRegen  0.00/turn              e - ring of wizardry {Wiz+, !d}
MPRegen  0.12/turn              l - +3 ring of strength

@: non-regenerating
A: damage resistance, heal wounds, sense surroundings 1, no regeneration
a: Heal Wounds, Renounce Religion


You were on level 6 of the Dungeon.
You worshipped Makhleb.
Makhleb was noncommittal.
You were hungry.

You visited 1 branch of the dungeon, and saw 6 of its levels.

You collected 172 gold pieces.

Inventory:

Hand Weapons
 n - the +10 short sword of the Tomato {flame, *Slow rF+ rC+ Dex+2}
   (You found it on level 4 of the Dungeon)

   It has been specially enchanted to burn those struck by it, causing extra
   injury to most foes and up to half again as much damage against particularly
   susceptible opponents.
   It affects your dexterity (+2).
   It protects you from fire.
   It protects you from cold.
   It may slow you when you take damage.
 p - a +2 dagger of holy wrath (weapon)
   (You took it off a kobold on level 2 of the Dungeon)
Missiles
 b - 57 stones (quivered)
Armour
 r - a +3 leather armour (worn)
   (You found it on level 3 of the Dungeon)
 s - a +0 pair of gloves (worn)
   (You found it on level 4 of the Dungeon)
Jewellery
 e - a ring of wizardry (left hand) {Wiz+, !d}
   (You found it on level 3 of the Dungeon)
 l - a +3 ring of strength (right hand)
   (You found it on level 5 of the Dungeon)
Wands
 m - a wand of scattershot (4)
   (You found it on level 3 of the Dungeon)
 o - a wand of acid (9)
   (You found it on level 2 of the Dungeon)
 v - a wand of enslavement (11)
   (You found it on level 5 of the Dungeon)
Scrolls
 a - 3 scrolls of teleportation {unknown}
 g - a scroll of remove curse
 h - 2 scrolls of identify
 i - a scroll of blinking {!r}
 k - a scroll of magic mapping {unknown}
 q - 5 scrolls of amnesia {unknown}
 t - a scroll of enchant armour {unknown}
 u - a scroll of fear {unknown}
Potions
 f - a potion of haste
 w - a potion of might
 x - a potion of agility
Comestibles
 d - 12 rations


   Skills:
 - Level 2.1 Dodging
 - Level 2.4 Stealth
 - Level 2.0 Spellcasting
 - Level 0.8 Transmutations
 + Level 14.5 Earth Magic


You had 8 spell levels left.
You knew the following spells:

 Your Spells              Type           Power        Failure   Level  Hunger
a - Sandblast             Erth           ######       1%          1    #......
w - Passwall              Tmut/Erth      ####....     1%          2    ###....

Your spell library contained the following spells:

 Spells                   Type           Power        Failure   Level  Hunger
 Stone Arrow              Conj/Erth      ####..       1%          3    ###....
 Lee's Rapid Deconstruct  Erth           ######....   1%          5    ######.
 Petrify                  Tmut/Erth      ####....     4%          4    #####..


Dungeon Overview and Level Annotations

Branches:
Dungeon (6/15)
 Temple: D:4-7

Altars:
Ashenzari
Fedhas
Makhleb
Okawaru
Qazlal
Sif Muna
Trog
Uskayaw
Wu Jian
Xom
Zin

Shops:
D:5 [

Annotations:
D:3 Natasha


Innate Abilities, Weirdness & Mutations

You are resistant to damage.
You can heal yourself by infusing magical energy.
You passively map a small area around you.
You do not regenerate.


Message History

You see here a tomahawk.
You take 13 damage, and have 26/62 hp.
MASSIVE DAMAGE!!
Aim: an orc warrior, wielding a +0 hand axe and wearing a +0 chain mail The blast of sand hits the orc warrior.
b - 71 stones The orc warrior throws a tomahawk.
The tomahawk hits you.
You take 3 damage, and have 23/62 hp.
You now have 10/11 mp.
Aim: an orc warrior, wielding a +0 hand axe and wearing a +0 chain mail (lightly wounded)
The blast of sand misses the orc warrior.
b - 70 stones The orc warrior throws a tomahawk.
The tomahawk closely misses you.
You now have 9/11 mp.
Aim: an orc warrior, wielding a +0 hand axe and wearing a +0 chain mail (lightly wounded)
The blast of sand hits the orc warrior.
b - 69 stones You now have 8/11 mp.
Aim: an orc warrior, wielding a +0 hand axe and wearing a +0 chain mail (moderately wounded)
The blast of sand hits the orc warrior but does no damage.
b - 68 stones The orc warrior hits you with a +0 hand axe!
* * * LOW HITPOINT WARNING * * *
You take 5 damage, and have 18/62 hp.
You now have 7/11 mp.
The orc warrior throws a tomahawk.
The tomahawk misses you.
Aim: an orc warrior, wielding a +0 hand axe and wearing a +0 chain mail (moderately wounded)
The blast of sand hits the orc warrior!
b - 67 stones The orc warrior throws a tomahawk.
The tomahawk hits you.
* * * LOW HITPOINT WARNING * * *
You take 4 damage, and have 14/62 hp.
You now have 6/11 mp.
Aim: an orc warrior, wielding a +0 hand axe and wearing a +0 chain mail (severely wounded)
The blast of sand hits the orc warrior!!
You kill the orc warrior!
Makhleb accepts your kill.
b - 66 stones You now have 5/11 mp.
Aim: an orc, wielding a +0 club The blast of sand hits the orc!!
You kill the orc!
Makhleb accepts your kill.
b - 65 stones
Aim: an orc wizard, wielding a +0 dagger and wearing a +0 robe The blast of sand misses the orc wizard.
b - 64 stones The orc wizard closely misses you.
You now have 4/11 mp.
Aim: an orc wizard, wielding a +0 dagger and wearing a +0 robe The blast of sand hits the orc wizard!!
You kill the orc wizard!
Makhleb accepts your kill.
b - 63 stones You now have 3/11 mp.
Aim: an orc, wearing a cursed +0 leather armour The blast of sand hits the orc!!
You kill the orc!
Makhleb accepts your kill.
b - 62 stones You now have 2/11 mp.
Items here: ( )) [[ ††
Things that are here:
a +0 hand axe; a +0 chain mail
Found a hide-covered altar of Uskayaw.
Found a stone staircase leading up.
A howler monkey skeleton comes into view.
Aim: a howler monkey skeleton The blast of sand hits the howler monkey skeleton!!
You destroy the howler monkey skeleton!
Makhleb accepts your kill.
b - 61 stones A bullfrog zombie comes into view.
Aim: a bullfrog zombie The blast of sand misses the bullfrog zombie.
b - 60 stones You now have 4/11 mp.
Aim: a bullfrog zombie The blast of sand hits the bullfrog zombie!!
b - 59 stones
Aim: a bullfrog zombie (heavily damaged)
The blast of sand hits the bullfrog zombie!
b - 58 stones The bullfrog zombie hits you but does no damage.
You now have 3/11 mp.
Aim: a bullfrog zombie (almost destroyed)
The blast of sand hits the bullfrog zombie!!
You destroy the bullfrog zombie!
Makhleb accepts your kill.
b - 57 stones You now have 2/11 mp.
You now have 172 gold pieces (gained 17).
a - 3 scrolls labeled URPHOTTOYMN (gained 1)
You are feeling hungry.
You open the door.
There is an open door here.
All of the chunks of flesh in your inventory have rotted away.
A centaur comes into view.
The centaur shouts!
The centaur wields a +0 shortbow.
The centaur shoots an arrow.
The arrow hits you!
* * * LOW HITPOINT WARNING * * *
The centaur shoots an arrow.
The arrow hits you!
You die...

#.#....................
##.##...####.......#####
, ........# ##.....## *
##...#..# ##...##
###.#..# #.+## , #.#..#
#..# #.#..# #..# ,
#.#..# #..## , #.#..#
#..@## ##.#..#####.....#
, #........###...####
#................. ,
#........###..#.###=#
####..#.............., ,
, #..######..#.#### #..#
#..#c# * #..# #..#, , ,
*


You could see a centaur.

Vanquished Creatures
  2 ice beasts
  An orc warrior (D:6)
  4 ogres
  2 centaurs
  4 bullfrog zombies
  A crimson imp (D:5)
  2 jellies
  A centaur zombie (D:5)
  An orc priest (D:4)
  A centaur skeleton (D:4)
  4 hounds
  Natasha (D:3)
  5 orc wizards
  6 worker ants
  A gnoll (D:4)
  A howler monkey skeleton (D:6)
  10 adders
  A shadow imp (D:5)
  An adder skeleton (D:4)
  7 worms
  A dart slug (D:2)
  4 leopard geckos
  18 orcs
  A ball python (D:2)
  13 bats
  3 giant cockroaches
  13 goblins
  11 hobgoblins
  14 jackals
  7 kobolds
  6 quokkas
  4 frilled lizards
  A quokka skeleton (D:4)
  3 rats (D:1)
155 creatures vanquished.

Notes
Turn   | Place    | Note
-------+----------+-------------------------------------------
     0 | D:1      | Irenicus the Deep Dwarf Earth Elementalist began the quest
                  | for the Orb.
     0 | D:1      | Reached XP level 1. HP: 15/15 MP: 3/3
    29 | D:1      | Reached skill level 2 in Spellcasting
   131 | D:1      | Reached XP level 2. HP: 22/22 MP: 3/5
   258 | D:1      | Reached skill level 5 in Earth Magic
   516 | D:1      | Learned a level 2 spell: Passwall
   574 | D:2      | Found a faded altar of an unknown god.
   577 | D:2      | Reached XP level 3. HP: 25/28 MP: 2/6
   605 | D:2      | Found a bloodstained altar of Trog.
   614 | D:2      | Found a shimmering altar of Xom.
   617 | D:2      | Found a stormy altar of Qazlal.
   717 | D:2      | Reached skill level 6 in Earth Magic
   859 | D:2      | Reached XP level 4. HP: 30/36 MP: 5/7
  1134 | D:2      | Reached skill level 7 in Earth Magic
  1370 | D:3      | Reached XP level 5. HP: 30/42 MP: 1/8
  1634 | D:3      | Noticed Natasha
  1638 | D:3      | Killed Natasha
  1638 | D:3      | Reached skill level 8 in Earth Magic
  1694 | D:3      | Noticed Natasha
  1723 | D:4      | Noticed an ogre
  1725 | D:4      | Killed an ogre
  1725 | D:4      | Reached skill level 9 in Earth Magic
  1725 | D:4      | Reached XP level 6. HP: 35/49 MP: 6/9
  1818 | D:4      | Reached skill level 10 in Earth Magic
  1866 | D:4      | HP: 11/49 [orc wizard/puff of flame (3)]
  1950 | D:4      | Reached XP level 7. HP: 7/55 MP: 7/10
  1982 | D:4      | Got an iridescent short sword
  1983 | D:4      | Identified the +10 short sword of the Tomato {flame, *Slow
                  | rF+ rC+ Dex+2} (You found it on level 4 of the Dungeon)
  2069 | D:4      | HP: 5/55 [orc priest/divine providence (9)]
  2071 | D:4      | HP: 1/55 [orc priest/divine providence (11)]
  2163 | D:5      | Entered Level 5 of the Dungeon
  2172 | D:5      | Reached skill level 11 in Earth Magic
  2229 | D:5      | Reached skill level 12 in Earth Magic
  2248 | D:5      | Found Odghou's Armour Boutique.
  2316 | D:5      | Reached XP level 8. HP: 26/62 MP: 0/11
  2362 | D:5      | Found a glowing silver altar of Zin.
  2386 | D:5      | Found a deep blue altar of Sif Muna.
  2554 | D:5      | Reached skill level 13 in Earth Magic
  2600 | D:5      | Found a faded altar of an unknown god.
  2600 | D:5      | Found a shattered altar of Ashenzari.
  2606 | D:5      | Found a faded altar of an unknown god.
  2608 | D:5      | Found a burning altar of Makhleb.
  2609 | D:5      | Found a blossoming altar of Fedhas.
  2613 | D:5      | Became a worshipper of Makhleb the Destroyer
  2748 | D:6      | Found an iron altar of Okawaru.
  2761 | D:6      | Found an ornate altar of the Wu Jian Council.
  2884 | D:6      | HP: 15/62 [centaur (3)]
  2885 | D:6      | Reached skill level 14 in Earth Magic
  2898 | D:6      | Noticed a -3 hand axe
  2898 | D:6      | Noticed a +0 dagger
  2930 | D:6      | HP: 14/62 [orc warrior/tomahawk (4)]
  2949 | D:6      | Found a hide-covered altar of Uskayaw.
  3041 | D:6      | HP: 2/62 [centaur/arrow (12)]
  3041 | D:6      | Shot with an arrow by a centaur

Skill      XL: |  1  2  3  4  5  6  7  8 |
---------------+-------------------------+-----
Spellcasting   | 2 |  2.0
Earth Magic    | 5 6 7 9 10 12 14 | 14.5
Dodging        | |  2.1
Stealth        | |  2.4
Transmutations | |  0.8

Action                   |  1- 3 |  4- 6 |  7- 9 || total
-------------------------+-------+-------+-------++-------
Melee: Club              |    15 |     2 |       ||    17
       Dagger            |       |    26 |    16 ||    42
       Short sword       |       |       |    22 ||    22
 Cast: Sandblast         |    51 |    77 |    90 ||   218
       Passwall          |     3 |    13 |     6 ||    22
  Use: Scroll            |       |     4 |     2 ||     6
       Potion            |       |       |     5 ||     5
 Stab: Sleeping          |     1 |     5 |     2 ||     8
  Eat: Chunk             |       |     6 |     5 ||    11
Armor: Robe              |     8 |     4 |       ||    12
       Leather armour    |       |    10 |    36 ||    46
Dodge: Dodged            |    25 |    33 |    62 ||   120

Levels and vault maps discovered:
D:1:      matt_arrival_spirals, layout_loops_corners
D:2:      layout_basic, minmay_overflow_temple_star_quad,
          chequers_ecumenical_altar_simple, chequers_serial_rivers_micro_a,
          st_stairs_5
D:3:      layout_basic, grunt_decor_one_mirror, uniq_natasha
D:4:      layout_loops_ring, cheibrodos_gnoll_hut
D:5:      layout_basic, kennysheep_little_box,
          chequers_temple_overflow_minitemple, serial_shops, nicolae_shop_trees,
          first_ration, basic_altar, kennysheep_generic_room_13
D:6:      layout_loops_corners, okawaru_trees_2, lemuel_doored_altar,
          nicolae_overflow_hidden_temple, dancing_weapons_uskayaw, basic_altar,
          xom_teletrap_fun

Table legend:
 A = Turns spent in this place as a percentage of turns spent in the entire game.
 B = Non-inter-level travel turns spent in this place as a percentage of non-inter-level travel turns spent in the entire game.
 C = Inter-level travel turns spent in this place as a percentage of turns spent in this place.
 D = Turns resting spent in this place as a percentage of non-inter-level travel turns spent in this place.
 E = Turns spent auto-exploring this place as a percentage of non-inter-level travel turns spent in this place.
 F = Non-inter-level travel turns spent in this place divided by the number of levels of this place that you've seen.
                   A       B       C       D       E      F
               +-------+-------+-------+-------+-------+----------------------
         Total | 100.0 | 100.0 |   0.0 |   0.0 |   0.0 | 506.8
       Dungeon | 100.0 | 100.0 |   0.0 |   0.0 |   0.0 | 506.8
               +-------+-------+-------+-------+-------+----------------------

Table legend:
 A = Kills in this place as a percentage of kills in entire the game.
 B = Kills by you in this place as a percentage of kills by you in the entire game.
 C = Kills by friends in this place as a percentage of kills by friends in the entire game.
 D = Other kills in this place as a percentage of other kills in the entire game.
 E = Experience gained in this place as a percentage of experience gained in the entire game.
 F = Experience gained in this place divided by the number of levels of this place that you have seen.
                   A       B       C       D       E      F
               +-------+-------+-------+-------+-------+----------------------
         Total | 100.0 | 100.0 |   N/A |   N/A | 100.0 | 424.5
       Dungeon | 100.0 | 100.0 |   N/A |   N/A | 100.0 | 424.5
               +-------+-------+-------+-------+-------+----------------------
